Unix NetHack Version 5.0.0-0 post-release - last build May 31 2026 23:59:36 (970b52f25bf058293b47ddfd14a1e40e571c508c,branch:main).

Game began 2026-06-07 14:18:40, ended 2026-06-07 14:45:34.

DiePARTEI, neutral female human Tourist

  -----
  |<..--
  |.....---
   -..|....
   --.|-..)..-
       .)..[)...|---  -----
       ---.|.)..|..----...--
            --.)|....|.....|
              ..| .........|
              -......---)..|
              |........|...|
              ----....------
          ---..   ...--
         ...@@...|..--
         ........[@&.
         ...{....----
         .......)--
         .......).|
          ..-------

DiePARTEI the Sightseer     St:11 Dx:13 Co:12 In:11 Wi:11 Ch:18  Neutral
Dlvl:7  $:112 HP:0(29) Pw:13(13) AC:2  Xp:4 T:2624  Stressed

Latest messages:
 The large cat drops an orcish dagger.
 The large cat drops an orcish dagger.
 You see here an orcish dagger.
 The large cat drops an orcish dagger.
 You swap places with your large cat.
 You see here an orcish dagger.
 You hear some noises.
 It bites the water nymph.
 The water nymph is killed!
 There are many objects here.
 The large cat drops an orcish dagger.
 You have a little trouble lifting H - 19 darts.
 I - a piece of cloth.
 You have trouble lifting a brilliant blue potion.  Continue? [ynq] (q) y
 You have trouble lifting O - a brilliant blue potion.
 P - an effervescent potion.
 T - a magenta potion.
 U - a looking glass.
 You rebalance your load.  Movement is difficult.
 Your large cat steps reluctantly onto a hooded cloak.
 What do you want to wear? [*] ?
 What do you want to wear? [*] <space>
 Never mind.
 The large cat drops an orcish dagger.
 The large cat drops an orcish dagger.
 You swap places with your large cat.
 You see here an orcish dagger.
 The large cat drops an orcish dagger.
 There are several objects here.
 You hear bubbling water.
 You hear someone cursing shoplifters.
 You hit the glass piercer.
 You miss the glass piercer.
 The glass piercer turns into a vrock!
 The vrock hits!
 The vrock hits again!
 The vrock hits again!
 The vrock just misses!
 The vrock bites!
 The vrock hits!
 The vrock hits again!
 The vrock hits again!
 The vrock hits again!
 The vrock bites!
 You die...
 Do you want your possessions identified? [ynq] (y) y
 Do you want to see your attributes? [ynq] (y) y
 Do you want an account of creatures vanquished? [ynaq] (y) y
 Do you want to see your conduct and achievements? [ynq] (y) y
 Do you want to see the dungeon overview? [ynq] (y) y

Inventory:
 Coins    ('$')
  $ - 112 gold pieces
 Weapons  (')')
  Y - 12 +4 darts
  a - 22 +2 darts (at the ready)
  H - 19 +0 darts
  Z - 3 cursed -1 darts
 Armor    ('[')
  t - an uncursed +0 orcish helm (being worn)
  k - an uncursed +0 pair of iron shoes (being worn)
  I - an uncursed +0 cloak of magic resistance
  D - an uncursed +0 dwarvish cloak (being worn)
  E - an uncursed +0 mummy wrapping
  i - an uncursed +0 Hawaiian shirt with a ukulele motif (being worn)
  J - an uncursed rusty +0 banded mail (being worn)
 Comestibles  ('%')
  c - 8 uncursed food rations
  g - an uncursed partly eaten food ration
  S - an uncursed fortune cookie
 Scrolls  ('?')
  C - a blessed scroll of blank paper
  l - 3 uncursed scrolls of blank paper
  q - a blessed scroll of confuse monster
  m - an uncursed scroll of create monster
  A - an uncursed scroll of identify
  r - an uncursed scroll of light
  h - an uncursed scroll of magic mapping
  N - an uncursed scroll of punishment
  B - an uncursed scroll of remove curse
 Potions  ('!')
  T - an uncursed potion of fruit juice
  R - an uncursed potion of gain ability
  M - an uncursed potion of gain energy
  v - a cursed potion of hallucination
  z - an uncursed potion of healing
  Q - a blessed potion of object detection
  O - an uncursed potion of object detection
  P - an uncursed potion of see invisible
  K - an uncursed potion of sickness
  s - an uncursed potion of water
  G - a potion of unholy water
 Wands    ('/')
  w - a wand of probing (0:5)
 Tools    ('(')
  x - an uncursed blindfold
  j - an expensive camera (0:78)
  U - an uncursed mirror
  F - an uncursed skeleton key
  b - an uncursed tin whistle
 Gems/Stones  ('*')
  L - an uncursed jade stone
  y - an uncursed jasper stone
  u - an uncursed obsidian stone
  X - an uncursed worthless piece of green glass
  n - an uncursed worthless piece of orange glass
  o - an uncursed worthless piece of red glass
  f - 2 uncursed worthless pieces of violet glass

DiePARTEI the Tourist's attributes:

Background:
 You were a Sightseer, a level 4 female human Tourist.
 You were neutral, on a mission for The Lady
 who was opposed by Blind Io (lawful) and Offler (chaotic).
 You were right-handed.
 You were in the Gnomish Mines, on level 7.
 You entered the dungeon 2624 turns ago.
 You had 109 experience points, 51 more were needed to attain level 5.

Basics:
 You had 0 out of 29 hit points.
 You had all 13 energy points (spell power).
 Your armor class was 2.
 Your wallet contained 112 zorkmids.
 Autopickup was off.

Final Characteristics:
 Your strength was 11 (limit:18/100).
 Your dexterity was 13 (limit:18).
 Your constitution was 12 (limit:18).
 Your intelligence was 11 (limit:18).
 Your wisdom was 11 (limit:18).
 Your charisma was 18 (limit:18).

Final Status:
 You weren't hungry.
 You were stressed; movement was moderately slowed.
 You were bare handed.
 You were unskilled in bare handed combat.

Final Attributes:
 You were piously aligned.
 Your items were somewhat protected from fire.
 Your items were somewhat protected from cold.
 You were warded.
 You are dead.

Miscellaneous:
 You encountered 1 bones level.
 Total elapsed playing time was 26 minutes and 52 seconds.

Major events:
 Turn
    1: DiePARTEI the neutral female human Tourist entered the dungeon
 1967: entered the Gnomish Mines
 2223: attained the rank of Sightseer (level 3)
 2497: reached Mine Town
 2624: killed by a chameleon imitating a vrock

You didn't know any spells.

Skills:
 Fighting Skills
   bare handed combat [Unskilled]
   two weapon combat  [Unskilled]
   riding             [Unskilled]
 Weapon Skills
   dagger             [Unskilled]
   knife              [Unskilled]
   axe                [Unskilled]
   pick-axe           [Unskilled]
   short sword        [Unskilled]
   broadsword         [Unskilled]
   long sword         [Unskilled]
   two-handed sword   [Unskilled]
   saber              [Unskilled]
   mace               [Unskilled]
   morning star       [Unskilled]
   flail              [Unskilled]
   hammer             [Unskilled]
   quarterstaff       [Unskilled]
   polearms           [Unskilled]
   spear              [Unskilled]
   trident            [Unskilled]
   lance              [Unskilled]
   bow                [Unskilled]
   sling              [Unskilled]
   crossbow           [Unskilled]
   dart               [Basic]
   shuriken           [Unskilled]
   boomerang          [Unskilled]
   whip               [Unskilled]
   unicorn horn       [Unskilled]
 Spellcasting Skills
   divination spells  [Unskilled]
   enchantment spells [Unskilled]
   escape spells      [Unskilled]

Voluntary challenges:
 Character rerolling was not enabled.
 You never hit with a wielded weapon.
 You never genocided any monsters.
 You never polymorphed an object.
 You never changed form.
 You used no wishes.
Achievements:
 You entered a shop.
 You entered the Gnomish Mines.
 You attained the rank of Sightseer.
 You entered Minetown.

 The Dungeons of Doom: levels 1 to 5
    Level 1:
       A grave.
    Level 2:
       A general store, some fountains.
    Level 3:
    Level 4:
       A fountain.
       Stairs down to The Gnomish Mines.
    Level 5:
 The Gnomish Mines: levels 5 to 7
    Level 5:
    Level 6:
    Level 7: <- You were here.
       A fountain.
       Final resting place for
          you, killed by a chameleon imitating a vrock,
          theokp-Wiz-Elf-Mal-Cha, killed by a chameleon imitating a master lich, while praying,
          DiePARTEI-Tou-Hum-Fem-Neu, killed by a watchman.


Vanquished creatures:
  a water nymph
  4 gnome leaders
 an elf zombie
  a paper golem
  3 dwarves
 an iguana
  2 acid blobs
  a coyote
  2 hobbits
  2 giant rats
  a yellow mold
  a red mold
 20 gnomes
  2 geckos
  6 jackals
  3 foxes
  a kobold
  5 goblins
  2 sewer rats
  2 grid bugs
  3 lichens
  a kobold zombie
  9 newts
74 creatures vanquished.

No species were genocided or became extinct.

Game over:
                       ----------
                      /          \
                     /    REST    \
                    /      IN      \
                   /     PEACE      \
                  /                  \
                  |    DiePARTEI     |
                  |      112 Au      |
                  |   killed by a    |
                  |    chameleon     |
                  |   imitating a    |
                  |      vrock       |
                  |       2026       |
                 *|     *  *  *      | *
        _________)/\\_//(\/(/\)/\//\/|_)_______

Aloha DiePARTEI the Tourist...

You died in The Gnomish Mines on dungeon level 7 with 756 points,
and 112 pieces of gold, after 2624 moves.
You were level 4 with a maximum of 29 hit points when you died.

